Sewer Rats vs Inferno
(R1)
Created - 18 mars 2014 at 20:44
Goals
|
| Sewer Rats |
1 |
3 |
2 |
6 |
| Inferno |
0 |
1 |
4 |
5 |
|
Shots
|
| Sewer Rats |
8 |
14 |
12 |
34 |
| Inferno |
4 |
11 |
19 |
34 |
|
1st period
1. Sewer Rats , Stéphane Yelle 32 (Vojtech Polak, Semyon Varlamov) at 8:41
Penalties :
Alex Berry (Anc) for High sticking (Minor) at 0:34, Kyle Quincey (Tol) for Interference (Minor) at 5:25, Colin Wilson (Anc) for Goalie Interference (Minor) at 9:24, Brad Marchand (Anc) for Roughing (Minor) at 18:10
2nd period
2. Sewer Rats , Kyle Turris 19 (Dustin Byfuglien) at 7:54
3. Sewer Rats , Niko Dimitrakos 18 (Mike Mottau, Brandon Sutter) at 16:23
4. Sewer Rats , Lars Eller 10 (Ville Leino) at 16:33
5. Inferno , Colin Wilson 21 (Stephane Veilleux) at 17:28 (PP)
Penalties :
Mikhail Grabovski (Anc) for Interference (Minor) at 1:38, Colin Wilson (Anc) for Slashing (Double Minor) at 11:48, Lars Eller (Tol) for Interference (Minor) at 17:02, Vojtech Polak (Tol) for Tripping (Minor) at 18:44
3rd period
6. Inferno , Mikhail Grabovski 50 (Brad Marchand, Derek Meech) at 0:10 (PP)
7. Inferno , Derek Meech 7 (Jonathan Ferland, Mikhail Grabovski) at 5:05
8. Sewer Rats , Mark Mancari 23 (Vojtech Polak) at 9:50
9. Inferno , Stephane Veilleux 36 (Derek Meech, Colin Wilson) at 11:19 (PP)
10. Sewer Rats , Stéphane Yelle 33 (Mark Mancari) at 16:05
11. Inferno , Mikhail Grabovski 51 (Derek Meech, Brad Marchand) at 17:02 (PP)
Penalties :
Zach Bogosian (Tol) for Slashing (Minor) at 0:55, Andrej Sekera (Anc) for Fighting (Major) at 4:49, Stéphane Yelle (Tol) for Fighting (Major) at 4:49, Brendan Smith (Anc) for Slashing (Minor) at 5:28, Zach Bogosian (Tol) for Slashing (Double Minor) at 10:23, Brendan Smith (Anc) for High sticking (Minor) at 11:31, Patrick Bordeleau (Tol) for Holding (Minor) at 16:53
Goalie Stats
Semyon Varlamov (Tol), 29 saves from 34 shots - (0,853), W, 19-20-5, 60:00 minutes
Josh Harding (Anc), 28 saves from 34 shots - (0,824), L, 30-13-4, 59:09 minutes
Players Stats for Sewer Rats
Player Name G A P +/- PIM S H SB GA TA FO MP PP MP PK MP
------------------------------------------------------------------------------------
Brandon Sutter 0 1 1 3 0 0 0 0 0 0 5/7 9:19 0:00 0:29
Dustin Byfuglien 0 1 1 0 0 2 2 0 1 1 0/0 24:53 7:32 4:43
John Erskine 0 0 0 0 0 0 0 1 0 0 0/0 11:23 0:12 4:40
John-Michael Liles 0 0 0 2 0 3 0 1 2 0 0/0 29:25 8:25 4:40
Kyle Okposo 0 0 0 1 0 1 2 0 0 0 0/1 16:00 6:27 0:00
Kyle Quincey 0 0 0 1 2 1 2 1 0 0 0/0 13:03 5:41 0:00
Kyle Turris 1 0 1 0 0 4 1 1 0 0 15/30 18:07 7:32 0:00
Lars Eller 1 0 1 1 2 2 0 0 0 0 3/6 15:19 6:15 0:00
Mark Mancari 1 1 2 2 0 3 1 0 1 0 0/0 9:12 0:19 0:00
Matt Lashoff 0 0 0 1 0 1 0 0 0 0 0/0 13:58 0:00 2:27
Max Pacioretty 0 0 0 0 0 0 0 0 0 0 1/2 19:02 7:32 1:05
Mike Funk 0 0 0 1 0 0 0 0 0 0 0/0 5:38 0:00 0:00
Mike Mottau 0 1 1 2 0 3 3 0 1 0 0/0 19:43 5:41 2:27
Niko Dimitrakos 1 0 1 2 0 3 2 1 1 1 0/0 10:00 0:07 1:40
Patrick Bordeleau 0 0 0 2 2 0 1 1 0 0 1/1 7:38 0:00 0:00
Stéphane Yelle 2 0 2 1 5 2 1 1 0 1 11/21 14:15 0:00 4:51
Steven Kampfer 0 0 0 1 0 0 0 0 0 0 0/0 4:50 0:00 0:00
Ville Leino 0 1 1 1 0 5 0 0 1 0 0/1 15:20 6:15 0:00
Vojtech Polak 0 2 2 2 2 0 0 0 0 0 0/0 11:22 0:07 1:26
Zach Bogosian 0 0 0 2 6 4 2 0 0 1 0/0 22:32 8:25 0:00
Players Stats for Inferno
Player Name G A P +/- PIM S H SB GA TA FO MP PP MP PK MP
------------------------------------------------------------------------------------
Alex Berry 0 0 0 -1 2 2 1 0 0 0 0/1 8:19 0:09 0:34
Andrej Meszaros 0 0 0 -2 0 2 0 1 0 1 0/0 18:42 3:43 4:13
Andrej Sekera 0 0 0 0 5 2 1 2 0 1 0/0 19:40 2:07 4:54
Brad Marchand 0 2 2 -2 2 1 1 0 0 0 0/1 19:29 4:33 1:24
Brendan Smith 0 0 0 1 4 0 1 3 0 0 0/0 24:31 3:23 7:42
Brian Boyle 0 0 0 -1 0 3 1 0 0 0 10/17 15:53 0:00 7:40
Colin Wilson 1 1 2 -1 6 1 1 0 0 0 2/6 12:19 2:25 0:00
Derek Meech 1 3 4 -3 0 3 2 2 0 2 0/0 31:45 5:00 8:26
Jonathan Ferland 0 1 1 -2 0 3 4 0 1 0 0/2 26:07 4:33 7:40
Jozef Balej 0 0 0 -1 0 1 0 0 1 0 0/0 10:10 0:09 0:00
Mark Mitera 0 0 0 -2 0 2 0 2 0 2 0/0 13:21 0:00 1:37
Matt Kassian 0 0 0 -1 0 0 1 0 0 0 0/0 5:55 0:00 0:00
Mikhail Grabovski 2 1 3 -2 2 4 2 1 2 0 19/35 19:41 4:33 0:58
Pierre-Luc Létourneau 0 0 0 -1 0 1 0 0 0 0 0/0 14:11 0:09 5:02
Stephane Veilleux 1 1 2 -1 0 5 2 0 0 0 1/1 11:40 2:25 0:00
Vladimir Sobotka 0 0 0 -1 0 2 0 0 0 0 1/6 12:16 0:00 5:28
Vladimir Zharkov 0 0 0 -1 0 2 3 0 0 0 0/0 8:04 2:25 0:00
Yannick Weber 0 0 0 -4 0 0 0 1 0 1 0/0 11:56 0:00 0:46
3 Stars
1 - Mark Mancari (Tol)
2 - Derek Meech (Anc)
3 - Mikhail Grabovski (Anc)
Power Play
Sewer Rats - 0 on 8 Attempt(s) - 0,00%
Inferno - 4 on 7 Attempt(s) - 57,14%
Penalty Kill
Sewer Rats - 3 on 7 Attempt(s) - 42,86%
- Score 0 goal in Penalty Kill
Inferno - 8 on 8 Attempt(s) - 100,00%
- Score 0 goal in Penalty Kill
Official
Referees : StPierre Justin and McCauley Wes
Linesman : Don Henderson and Tim Nowak
Game Notes
Andrej Sekera and Stéphane Yelle fight to a draw at 4:49 of 3rd period
Andrej Meszaros is injured at 4:57 of 3rd period (Sprained Right Ankle)
Finance
Level 1 -- Attendance: 1456 (72,80%) -- Ticket Income 50 960 $
Level 2 -- Attendance: 798 (79,80%) -- Ticket Income 11 970 $
Total Attendance: 2254 (75,13%)
Total Ticket Income: 62 930 $
Other Income: 3 146 $
Total Income: 66 076 $
Sewer Rats
5 vs 5 Forward
Center Left Wing Right Wing Time % Phy DF OF
1 Kyle Turris Max Pacioretty Dustin Byfuglien 40 1 2 2
2 Lars Eller Ville Leino Kyle Okposo 30 1 2 2
3 Stéphane Yelle Vojtech Polak Mark Mancari 15 1 2 2
4 Brandon Sutter Patrick Bordeleau Niko Dimitrakos 15 1 2 2
5 vs 5 Defense
Defense Defense Time % Phy DF OF
1 Zach Bogosian John-Michael Liles 40 1 2 2
2 Matt Lashoff Mike Mottau 30 1 2 2
3 John Erskine Kyle Quincey 20 1 2 2
4 Steven Kampfer Mike Funk 10 1 2 2
PowerPlay Forward
Center Left Wing Right Wing Time % Phy DF OF
1 Kyle Turris Max Pacioretty Dustin Byfuglien 60 1 2 2
2 Lars Eller Ville Leino Kyle Okposo 40 1 2 2
PowerPlay Defense
Defense Defense Time % Phy DF OF
1 Zach Bogosian John-Michael Liles 60 1 2 2
2 Kyle Quincey Mike Mottau 40 1 2 2
Penalty Kill 4 Players Forward
Center Wing Time % Phy DF OF
1 Stéphane Yelle Dustin Byfuglien 60 1 2 2
2 Niko Dimitrakos Vojtech Polak 40 1 2 2
Penalty Kill 4 Players Defense
Defense Defense Time % Phy DF OF
1 John Erskine John-Michael Liles 60 1 2 2
2 Matt Lashoff Mike Mottau 40 1 2 2
Penalty Kill - 3 Players Forward
Forward Time % Phy DF OF
1 Stéphane Yelle 60 1 2 2
2 Dustin Byfuglien 40 1 2 2
Penalty Kill - 3 Players Defense
Defense Defense Time % Phy DF OF
1 John Erskine John-Michael Liles 60 1 2 2
2 Matt Lashoff Mike Mottau 40 1 2 2
4 vs 4 Forward
Center Wing Time % Phy DF OF
1 Stéphane Yelle Dustin Byfuglien 60 1 2 2
2 Kyle Turris Niko Dimitrakos 40 1 2 2
4 vs 4 Defense
Defense Defense Time % Phy DF OF
1 Zach Bogosian John-Michael Liles 60 1 2 2
2 Matt Lashoff Mike Mottau 40 1 2 2
Last Minutes Offensive
Center Left Wing Right Wing Defense Defense
Kyle Turris Max Pacioretty Dustin Byfuglien Zach Bogosian John-Michael Liles
Last Minutes Defensive
Center Left Wing Right Wing Defense Defense
Stéphane Yelle Vojtech Polak Dustin Byfuglien Matt Lashoff John-Michael Liles
Goaltenders
Starting : Semyon Varlamov
Backup : Jhonas Enroth
Extra Forwards
Normal : Mark Mancari, Kyle Okposo, Vojtech Polak - PP : Mark Mancari, Kyle Okposo - PK : Vojtech Polak
Extra Defensemen
Normal : Zach Bogosian, Mike Funk, Mike Mottau - PP : Zach Bogosian - PK : Mike Funk, Mike Mottau
Penalty Shots
Stéphane Yelle, Dustin Byfuglien, Niko Dimitrakos, Kyle Turris, Ville Leino
Inferno
5 vs 5 Forward
Center Left Wing Right Wing Time % Phy DF OF
1 Mikhail Grabovski Brad Marchand Jonathan Ferland 40 1 2 2
2 Colin Wilson Stephane Veilleux Jozef Balej 30 1 2 2
3 Brian Boyle Pierre-Luc Létourneau Alex Berry 20 1 2 2
4 Vladimir Sobotka Matt Kassian Vladimir Zharkov 10 1 2 2
5 vs 5 Defense
Defense Defense Time % Phy DF OF
1 Andrej Meszaros Derek Meech 40 1 2 2
2 Andrej Sekera Brendan Smith 30 1 2 2
3 Mark Mitera Yannick Weber 20 1 2 2
4 Andrej Sekera Derek Meech 10 1 2 2
PowerPlay Forward
Center Left Wing Right Wing Time % Phy DF OF
1 Mikhail Grabovski Brad Marchand Jonathan Ferland 60 1 2 2
2 Colin Wilson Stephane Veilleux Vladimir Zharkov 40 1 2 2
PowerPlay Defense
Defense Defense Time % Phy DF OF
1 Andrej Meszaros Derek Meech 60 1 2 2
2 Andrej Sekera Brendan Smith 40 1 2 2
Penalty Kill 4 Players Forward
Center Wing Time % Phy DF OF
1 Brian Boyle Jonathan Ferland 60 1 3 1
2 Vladimir Sobotka Pierre-Luc Létourneau 40 1 3 1
Penalty Kill 4 Players Defense
Defense Defense Time % Phy DF OF
1 Brendan Smith Derek Meech 60 1 3 1
2 Andrej Sekera Brendan Smith 40 1 3 1
Penalty Kill - 3 Players Forward
Forward Time % Phy DF OF
1 Brian Boyle 60 1 4 0
2 Vladimir Sobotka 40 1 4 0
Penalty Kill - 3 Players Defense
Defense Defense Time % Phy DF OF
1 Brendan Smith Derek Meech 60 1 4 0
2 Andrej Sekera Brendan Smith 40 1 4 0
4 vs 4 Forward
Center Wing Time % Phy DF OF
1 Mikhail Grabovski Brad Marchand 60 1 2 2
2 Colin Wilson Jonathan Ferland 40 1 2 2
4 vs 4 Defense
Defense Defense Time % Phy DF OF
1 Andrej Meszaros Derek Meech 60 1 2 2
2 Andrej Sekera Brendan Smith 40 1 2 2
Last Minutes Offensive
Center Left Wing Right Wing Defense Defense
Mikhail Grabovski Brad Marchand Jonathan Ferland Brendan Smith Derek Meech
Last Minutes Defensive
Center Left Wing Right Wing Defense Defense
Mikhail Grabovski Brad Marchand Jonathan Ferland Andrej Sekera Derek Meech
Goaltenders
Starting : Josh Harding
Backup : Jonathan Boutin
Extra Forwards
Normal : Jonathan Ferland, Pierre-Luc Létourneau, Jozef Balej - PP : Jozef Balej, Pierre-Luc Létourneau - PK : Vladimir Sobotka
Extra Defensemen
Normal : Andrej Sekera, Brendan Smith, Mark Mitera - PP : Brendan Smith - PK : Andrej Sekera, Brendan Smith
Penalty Shots
Mikhail Grabovski, Colin Wilson, Jonathan Ferland, Brad Marchand, Vladimir Zharkov
% Time on Ice - Sewer Rats
Lines # - Real PCT - Wanted PCT - Time Play
Normal Forward
1 - 30% - 40% - 10:50
2 - 25% - 30% - 9:05
3 - 23% - 15% - 8:12
4 - 21% - 15% - 7:39
Normal Defense
1 - 39% - 40% - 13:59
2 - 31% - 30% - 10:55
3 - 17% - 20% - 6:02
4 - 14% - 10% - 4:50
PP Forward
1 - 56% - 60% - 7:51
2 - 44% - 40% - 6:15
PP Defense
1 - 60% - 60% - 8:25
2 - 40% - 40% - 5:41
PK Forward
1 - 77% - 60% - 5:27
2 - 23% - 40% - 1:40
PK Defense
1 - 66% - 60% - 4:40
2 - 34% - 40% - 2:27
PK3 Forward
1 - 0% - 60%
2 - 0% - 40%
PK3 Defense
1 - 0% - 60%
2 - 0% - 40%
44 Forward
1 - 80% - 60% - 1:26
2 - 20% - 40% - 0:21
44 Defense
1 - 63% - 60% - 1:07
2 - 37% - 40% - 0:40
Last Minute Offensive - 0:00
Last Minute Defensive - 1:14
Total
Forward - 60:00
Defense - 60:00
|
% Time on Ice - Inferno
Lines # - Real PCT - Wanted PCT - Time Play
Normal Forward
1 - 34% - 40% - 12:17
2 - 28% - 30% - 10:08
3 - 21% - 20% - 7:26
4 - 17% - 10% - 5:55
Normal Defense
1 - 41% - 40% - 14:44
2 - 31% - 30% - 11:06
3 - 26% - 20% - 9:08
4 - 2% - 10% - 0:48
PP Forward
1 - 66% - 60% - 4:42
2 - 34% - 40% - 2:25
PP Defense
1 - 70% - 60% - 5:00
2 - 30% - 40% - 2:07
PK Forward
1 - 65% - 60% - 9:13
2 - 35% - 40% - 4:53
PK Defense
1 - 57% - 60% - 8:00
2 - 43% - 40% - 6:06
PK3 Forward
1 - 0% - 60%
2 - 0% - 40%
PK3 Defense
1 - 0% - 60%
2 - 0% - 40%
44 Forward
1 - 79% - 60% - 1:25
2 - 21% - 40% - 0:22
44 Defense
1 - 88% - 60% - 1:34
2 - 12% - 40% - 0:13
Last Minute Offensive - 1:14
Last Minute Defensive - 0:00
Total
Forward - 60:00
Defense - 60:00
|
Play by Play
1st period
0:01 of 1st period - Mikhail Grabovski wins face-off versus Kyle Turris in neutral zone.
0:04 of 1st period - Slapshot by Andrej Meszaros.
0:04 of 1st period - Shot Misses the Net.
0:34 of 1st period - Minor Penalty to Alex Berry for High sticking.
0:35 of 1st period - Brian Boyle wins face-off versus Ville Leino in Inferno zone.
0:46 of 1st period - Slapshot by John-Michael Liles.
0:46 of 1st period - Shot Misses the Net.
0:48 of 1st period - Slapshot by John-Michael Liles.
0:48 of 1st period - Stopped by Josh Harding with a rebound.
0:50 of 1st period - Slapshot by Zach Bogosian.
0:50 of 1st period - Stopped by Josh Harding with a rebound.
1:00 of 1st period - Zach Bogosian is hit by Derek Meech.
2:34 of 1st period - Penalty to Alex Berry is over, Alex Berry is back on ice.
3:14 of 1st period - Slapshot by Andrej Meszaros.
3:14 of 1st period - Deflect By Mike Mottau.
3:14 of 1st period - Stopped by Semyon Varlamov without a rebound.
3:15 of 1st period - Kyle Turris wins face-off versus Vladimir Sobotka in Sewer Rats zone.
3:36 of 1st period - John-Michael Liles is hit by Brian Boyle and loses puck.
4:44 of 1st period - Off-side.
4:45 of 1st period - Kyle Turris wins face-off versus Mikhail Grabovski in neutral zone.
5:25 of 1st period - Minor Penalty to Kyle Quincey for Interference.
5:26 of 1st period - Stéphane Yelle wins face-off versus Mikhail Grabovski in Sewer Rats zone.
5:32 of 1st period - Icing by Jonathan Ferland.
5:33 of 1st period - Mikhail Grabovski wins face-off versus Stéphane Yelle in Inferno zone.
5:46 of 1st period - Snap shot by Jonathan Ferland.
5:46 of 1st period - Deflect By Brad Marchand.
5:46 of 1st period - Stopped by Semyon Varlamov without a rebound.
5:47 of 1st period - Stéphane Yelle wins face-off versus Mikhail Grabovski in Sewer Rats zone.
5:58 of 1st period - Slapshot by Mikhail Grabovski.
5:58 of 1st period - Shot Misses the Net.
7:25 of 1st period - Penalty to Kyle Quincey is over, Kyle Quincey is back on ice.
8:27 of 1st period - Brad Marchand is hit by Stéphane Yelle.
8:41 of 1st period - Snap shot by Stéphane Yelle.
8:41 of 1st period - Goal by Stéphane Yelle - Sewer Rats : 1 - Inferno : 0.
8:42 of 1st period - Mikhail Grabovski wins face-off versus Kyle Turris in neutral zone.
8:45 of 1st period - Zach Bogosian is hit by Brad Marchand and loses puck.
8:52 of 1st period - Snap shot by Jonathan Ferland.
8:52 of 1st period - Shot Blocked by John-Michael Liles.
8:54 of 1st period - Snap shot by Jonathan Ferland.
8:54 of 1st period - Shot Misses the Net.
8:56 of 1st period - Snap shot by Mikhail Grabovski.
8:56 of 1st period - Shot Blocked by Kyle Turris.
8:58 of 1st period - Slapshot by Andrej Meszaros.
8:58 of 1st period - Shot Misses the Net.
9:24 of 1st period - Minor Penalty to Colin Wilson for Goalie Interference.
9:25 of 1st period - Brian Boyle wins face-off versus Kyle Turris in Inferno zone.
9:34 of 1st period - Slapshot by John-Michael Liles.
9:34 of 1st period - Stopped by Josh Harding with a rebound.
10:06 of 1st period - Wrist shot by Ville Leino.
10:06 of 1st period - Stopped by Josh Harding with a rebound.
10:16 of 1st period - Derek Meech is hit by Kyle Okposo and loses puck.
11:24 of 1st period - Penalty to Colin Wilson is over, Colin Wilson is back on ice.
11:43 of 1st period - Andrej Meszaros is hit by Mike Mottau and loses puck.
12:08 of 1st period - Niko Dimitrakos is hit by Mikhail Grabovski and loses puck.
14:59 of 1st period - Kyle Turris is hit by Colin Wilson.
15:19 of 1st period - Kyle Okposo is hit by Vladimir Zharkov and loses puck.
15:24 of 1st period - Slapshot by Andrej Meszaros.
15:24 of 1st period - Deflect By Vladimir Sobotka.
15:24 of 1st period - Stopped by Semyon Varlamov with a rebound.
15:35 of 1st period - Off-side.
15:36 of 1st period - Stéphane Yelle wins face-off versus Colin Wilson in neutral zone.
16:03 of 1st period - Kyle Okposo is hit by Jonathan Ferland and loses puck.
16:43 of 1st period - Snap shot by Niko Dimitrakos.
16:43 of 1st period - Stopped by Josh Harding with a rebound.
17:25 of 1st period - Snap shot by Jozef Balej.
17:25 of 1st period - Shot Hit the Post.
17:27 of 1st period - Slapshot by Mark Mitera.
17:27 of 1st period - Stopped by Semyon Varlamov with a rebound.
17:29 of 1st period - Slapshot by Mark Mitera.
17:29 of 1st period - Deflect By Jozef Balej.
17:29 of 1st period - Shot Misses the Net.
17:29 of 1st period - Puck is out of play.
17:30 of 1st period - Brian Boyle wins face-off versus Kyle Turris in Sewer Rats zone.
18:02 of 1st period - Slapshot by Mike Mottau.
18:02 of 1st period - Shot Misses the Net.
18:04 of 1st period - Wrist shot by Kyle Okposo.
18:04 of 1st period - Shot Misses the Net.
18:10 of 1st period - Minor Penalty to Brad Marchand for Roughing.
18:11 of 1st period - Kyle Turris wins face-off versus Brian Boyle in Inferno zone.
18:42 of 1st period - Slapshot by Ville Leino.
18:42 of 1st period - Stopped by Josh Harding with a rebound.
18:44 of 1st period - Slapshot by Kyle Okposo.
18:44 of 1st period - Stopped by Josh Harding with a rebound.
18:46 of 1st period - Slapshot by Lars Eller.
18:46 of 1st period - Shot Misses the Net.
19:45 of 1st period - Brian Boyle is hit by Dustin Byfuglien and loses puck.
Goals for this period are 1 for Sewer Rats vs 0 for Inferno.
Shots for this period are 8 for Sewer Rats vs 4 for Inferno.
2nd period
0:01 of 2nd period - Brian Boyle wins face-off versus Kyle Turris in neutral zone.
0:10 of 2nd period - Penalty to Brad Marchand is over, Brad Marchand is back on ice.
0:33 of 2nd period - Off-side.
0:34 of 2nd period - Stephane Veilleux wins face-off versus Lars Eller in neutral zone.
1:19 of 2nd period - Slapshot by Jozef Balej.
1:19 of 2nd period - Stopped by Semyon Varlamov without a rebound.
1:20 of 2nd period - Kyle Turris wins face-off versus Mikhail Grabovski in Sewer Rats zone.
1:38 of 2nd period - Minor Penalty to Mikhail Grabovski for Interference.
1:39 of 2nd period - Kyle Turris wins face-off versus Brian Boyle in Inferno zone.
1:43 of 2nd period - Snap shot by Kyle Turris.
1:43 of 2nd period - Shot Blocked by Brendan Smith.
1:45 of 2nd period - Slapshot by Dustin Byfuglien.
1:45 of 2nd period - Stopped by Josh Harding without a rebound.
1:46 of 2nd period - Kyle Turris wins face-off versus Brian Boyle in Inferno zone.
2:29 of 2nd period - Icing by Zach Bogosian.
2:30 of 2nd period - Lars Eller wins face-off versus Brian Boyle in Sewer Rats zone.
2:53 of 2nd period - Icing by Max Pacioretty.
2:54 of 2nd period - Kyle Turris wins face-off versus Vladimir Sobotka in Sewer Rats zone.
3:38 of 2nd period - Penalty to Mikhail Grabovski is over, Mikhail Grabovski is back on ice.
3:41 of 2nd period - Zach Bogosian is hit by Mikhail Grabovski and loses puck.
5:39 of 2nd period - Backhand shot by Mike Mottau.
5:39 of 2nd period - Stopped by Josh Harding with a rebound.
5:41 of 2nd period - Snap shot by Lars Eller.
5:41 of 2nd period - Stopped by Josh Harding with a rebound.
5:43 of 2nd period - Snap shot by Ville Leino.
5:43 of 2nd period - Shot Blocked by Derek Meech.
6:29 of 2nd period - Slapshot by Mike Mottau.
6:29 of 2nd period - Stopped by Josh Harding with a rebound.
6:54 of 2nd period - Wrist shot by Vladimir Sobotka.
6:54 of 2nd period - Stopped by Semyon Varlamov without a rebound.
6:55 of 2nd period - Brandon Sutter wins face-off versus Vladimir Sobotka in Sewer Rats zone.
6:55 of 2nd period - Brandon Sutter is hit by Matt Kassian.
7:07 of 2nd period - Derek Meech is hit by Niko Dimitrakos and loses puck.
7:16 of 2nd period - Niko Dimitrakos is hit by Vladimir Zharkov.
7:26 of 2nd period - Backhand shot by Kyle Quincey.
7:26 of 2nd period - Shot Misses the Net.
7:28 of 2nd period - Slapshot by Kyle Quincey.
7:28 of 2nd period - Shot Blocked by Brendan Smith.
7:30 of 2nd period - Backhand shot by Brandon Sutter.
7:30 of 2nd period - Shot Misses the Net.
7:32 of 2nd period - Slapshot by John Erskine.
7:32 of 2nd period - Deflect By Niko Dimitrakos.
7:32 of 2nd period - Stopped by Josh Harding with a rebound.
7:42 of 2nd period - Snap shot by Niko Dimitrakos.
7:42 of 2nd period - Shot Misses the Net.
7:44 of 2nd period - Snap shot by Niko Dimitrakos.
7:44 of 2nd period - Shot Blocked by Andrej Sekera.
7:46 of 2nd period - Slapshot by Matt Lashoff.
7:46 of 2nd period - Shot Misses the Net.
7:48 of 2nd period - Slapshot by Matt Lashoff.
7:48 of 2nd period - Stopped by Josh Harding without a rebound.
7:49 of 2nd period - Kyle Turris wins face-off versus Jonathan Ferland in Inferno zone.
7:52 of 2nd period - Wrist shot by Dustin Byfuglien.
7:52 of 2nd period - Stopped by Josh Harding with a rebound.
7:54 of 2nd period - Snap shot by Dustin Byfuglien.
7:54 of 2nd period - Deflect By Kyle Turris.
7:54 of 2nd period - Goal by Kyle Turris - Sewer Rats : 2 - Inferno : 0.
7:55 of 2nd period - Kyle Turris wins face-off versus Mikhail Grabovski in neutral zone.
8:11 of 2nd period - Slapshot by Dustin Byfuglien.
8:11 of 2nd period - Shot Misses the Net.
8:25 of 2nd period - Wrist shot by Jozef Balej.
8:25 of 2nd period - Deflect By Stephane Veilleux.
8:25 of 2nd period - Stopped by Semyon Varlamov without a rebound.
8:26 of 2nd period - Colin Wilson wins face-off versus Lars Eller in Sewer Rats zone.
8:56 of 2nd period - Stéphane Yelle is hit by Stephane Veilleux and loses puck.
9:52 of 2nd period - Wrist shot by Brian Boyle.
9:52 of 2nd period - Stopped by Semyon Varlamov with a rebound.
10:13 of 2nd period - Jonathan Ferland is hit by Zach Bogosian and loses puck.
10:30 of 2nd period - Brian Boyle is hit by Kyle Turris and loses puck.
10:49 of 2nd period - Jozef Balej is hit by Patrick Bordeleau.
11:24 of 2nd period - Brendan Smith is hit by Mark Mancari and loses puck.
11:41 of 2nd period - Snap shot by Kyle Turris.
11:41 of 2nd period - Stopped by Josh Harding with a rebound.
11:43 of 2nd period - Snap shot by Max Pacioretty.
11:43 of 2nd period - Shot Misses the Net.
11:48 of 2nd period - Double Minor Penalty to Colin Wilson for Slashing.
11:49 of 2nd period - Brian Boyle wins face-off versus Kyle Turris in Inferno zone.
12:21 of 2nd period - Wrist shot by Ville Leino.
12:21 of 2nd period - Stopped by Josh Harding without a rebound.
12:22 of 2nd period - Lars Eller wins face-off versus Vladimir Sobotka in Inferno zone.
12:23 of 2nd period - Slapshot by Ville Leino.
12:23 of 2nd period - Shot Misses the Net.
12:27 of 2nd period - Snap shot by Kyle Okposo.
12:27 of 2nd period - Shot Misses the Net.
12:29 of 2nd period - Snap shot by Ville Leino.
12:29 of 2nd period - Stopped by Josh Harding without a rebound.
12:30 of 2nd period - Kyle Turris wins face-off versus Brian Boyle in Inferno zone.
14:06 of 2nd period - Icing by Max Pacioretty.
14:07 of 2nd period - Kyle Turris wins face-off versus Vladimir Sobotka in Sewer Rats zone.
14:42 of 2nd period - Icing by Mike Mottau.
14:43 of 2nd period - Brian Boyle wins face-off versus Kyle Okposo in Sewer Rats zone.
15:48 of 2nd period - Penalty to Colin Wilson is over, Colin Wilson is back on ice.
16:14 of 2nd period - Mikhail Grabovski is hit by Kyle Quincey and loses puck.
16:21 of 2nd period - Slapshot by Mike Mottau.
16:21 of 2nd period - Shot Misses the Net.
16:23 of 2nd period - Snap shot by Niko Dimitrakos.
16:23 of 2nd period - Goal by Niko Dimitrakos - Sewer Rats : 3 - Inferno : 0.
16:24 of 2nd period - Lars Eller wins face-off versus Colin Wilson in neutral zone.
16:31 of 2nd period - Snap shot by Ville Leino.
16:31 of 2nd period - Stopped by Josh Harding with a rebound.
16:33 of 2nd period - Snap shot by Lars Eller.
16:33 of 2nd period - Goal by Lars Eller - Sewer Rats : 4 - Inferno : 0.
16:34 of 2nd period - Mikhail Grabovski wins face-off versus Kyle Turris in neutral zone.
16:37 of 2nd period - Slapshot by Mikhail Grabovski.
16:37 of 2nd period - Stopped by Semyon Varlamov with a rebound.
17:02 of 2nd period - Minor Penalty to Lars Eller for Interference.
17:03 of 2nd period - Mikhail Grabovski wins face-off versus Stéphane Yelle in Sewer Rats zone.
17:16 of 2nd period - Snap shot by Brad Marchand.
17:16 of 2nd period - Shot Misses the Net.
17:18 of 2nd period - Wrist shot by Andrej Meszaros.
17:18 of 2nd period - Shot Misses the Net.
17:28 of 2nd period - Backhand shot by Colin Wilson.
17:28 of 2nd period - Goal by Colin Wilson - Sewer Rats : 4 - Inferno : 1.
17:29 of 2nd period - Max Pacioretty wins face-off versus Mikhail Grabovski in neutral zone.
17:31 of 2nd period - Off-side.
17:32 of 2nd period - Mikhail Grabovski wins face-off versus Kyle Turris in neutral zone.
17:39 of 2nd period - Wrist shot by Jonathan Ferland.
17:39 of 2nd period - Deflect By Zach Bogosian.
17:39 of 2nd period - Shot Hit the Post.
17:39 of 2nd period - Puck is out of play.
17:40 of 2nd period - Mikhail Grabovski wins face-off versus Kyle Turris in Sewer Rats zone.
17:51 of 2nd period - Slapshot by Mikhail Grabovski.
17:51 of 2nd period - Shot Misses the Net.
18:14 of 2nd period - Slapshot by Andrej Meszaros.
18:14 of 2nd period - Stopped by Semyon Varlamov with a rebound.
18:42 of 2nd period - Slapshot by Vladimir Zharkov.
18:42 of 2nd period - Stopped by Semyon Varlamov with a rebound.
18:44 of 2nd period - Minor Penalty to Vojtech Polak for Tripping.
18:45 of 2nd period - Mikhail Grabovski wins face-off versus Stéphane Yelle in Sewer Rats zone.
18:46 of 2nd period - Wrist shot by Jonathan Ferland.
18:46 of 2nd period - Stopped by Semyon Varlamov without a rebound.
18:47 of 2nd period - Stéphane Yelle wins face-off versus Mikhail Grabovski in Sewer Rats zone.
18:55 of 2nd period - Off-side.
18:56 of 2nd period - Stéphane Yelle wins face-off versus Mikhail Grabovski in neutral zone.
19:08 of 2nd period - Snap shot by Stéphane Yelle.
19:08 of 2nd period - Shot Blocked by Derek Meech.
19:22 of 2nd period - John-Michael Liles is hit by Vladimir Zharkov and loses puck.
19:27 of 2nd period - Slapshot by Stephane Veilleux.
19:27 of 2nd period - Stopped by Semyon Varlamov with a rebound.
19:29 of 2nd period - Slapshot by Vladimir Zharkov.
19:29 of 2nd period - Stopped by Semyon Varlamov without a rebound.
19:30 of 2nd period - Stéphane Yelle wins face-off versus Mikhail Grabovski in Sewer Rats zone.
19:41 of 2nd period - Slapshot by Brendan Smith.
19:41 of 2nd period - Shot Misses the Net.
Goals for this period are 3 for Sewer Rats vs 1 for Inferno.
Shots for this period are 14 for Sewer Rats vs 11 for Inferno.
3rd period
0:01 of 3rd period - Mikhail Grabovski wins face-off versus Stéphane Yelle in neutral zone.
0:04 of 3rd period - Slapshot by Derek Meech.
0:04 of 3rd period - Shot Misses the Net.
0:06 of 3rd period - Slapshot by Derek Meech.
0:06 of 3rd period - Shot Blocked by Stéphane Yelle.
0:08 of 3rd period - Snap shot by Derek Meech.
0:08 of 3rd period - Shot Misses the Net.
0:10 of 3rd period - Snap shot by Brad Marchand.
0:10 of 3rd period - Deflect By Mikhail Grabovski.
0:10 of 3rd period - Goal by Mikhail Grabovski - Sewer Rats : 4 - Inferno : 2.
0:11 of 3rd period - Mikhail Grabovski wins face-off versus Kyle Turris in neutral zone.
0:36 of 3rd period - Zach Bogosian is hit by Stephane Veilleux and loses puck.
0:43 of 3rd period - Snap shot by Stephane Veilleux.
0:43 of 3rd period - Stopped by Semyon Varlamov with a rebound.
0:45 of 3rd period - Wrist shot by Stephane Veilleux.
0:45 of 3rd period - Stopped by Semyon Varlamov with a rebound.
0:55 of 3rd period - Minor Penalty to Zach Bogosian for Slashing.
0:56 of 3rd period - Stéphane Yelle wins face-off versus Mikhail Grabovski in Sewer Rats zone.
2:55 of 3rd period - Penalty to Zach Bogosian is over, Zach Bogosian is back on ice.
3:11 of 3rd period - Vladimir Zharkov is hit by Kyle Okposo and loses puck.
3:45 of 3rd period - Snap shot by Vojtech Polak.
3:45 of 3rd period - Shot Blocked by Yannick Weber.
3:55 of 3rd period - Kyle Okposo is hit by Jonathan Ferland and loses puck.
4:23 of 3rd period - Off-side.
4:24 of 3rd period - Brian Boyle wins face-off versus Stéphane Yelle in neutral zone.
4:27 of 3rd period - Slapshot by Andrej Sekera.
4:27 of 3rd period - Stopped by Semyon Varlamov with a rebound.
4:29 of 3rd period - Wrist shot by Brendan Smith.
4:29 of 3rd period - Deflect By Alex Berry.
4:29 of 3rd period - Stopped by Semyon Varlamov with a rebound.
4:31 of 3rd period - Slapshot by Brendan Smith.
4:31 of 3rd period - Shot Misses the Net.
4:33 of 3rd period - Slapshot by Andrej Sekera.
4:33 of 3rd period - Stopped by Semyon Varlamov without a rebound.
4:34 of 3rd period - Stéphane Yelle wins face-off versus Mikhail Grabovski in Sewer Rats zone.
4:34 of 3rd period - Stéphane Yelle is hit by Andrej Sekera.
4:44 of 3rd period - Slapshot by Zach Bogosian.
4:44 of 3rd period - Deflect By Mark Mancari.
4:44 of 3rd period - Stopped by Josh Harding with a rebound.
4:46 of 3rd period - Wrist shot by Zach Bogosian.
4:46 of 3rd period - Shot Blocked by Mikhail Grabovski.
4:48 of 3rd period - Slapshot by John-Michael Liles.
4:48 of 3rd period - Shot Hit the Post.
4:49 of 3rd period - Andrej Sekera and Stéphane Yelle fight to a draw.
4:49 of 3rd period - Penalty to Andrej Sekera for Fighting.
4:49 of 3rd period - Penalty to Stéphane Yelle for Fighting.
4:50 of 3rd period - Kyle Turris wins face-off versus Mikhail Grabovski in Inferno zone.
4:53 of 3rd period - Slapshot by Zach Bogosian.
4:53 of 3rd period - Stopped by Josh Harding with a rebound.
4:55 of 3rd period - Wrist shot by John-Michael Liles.
4:55 of 3rd period - Stopped by Josh Harding with a rebound.
4:57 of 3rd period - Snap shot by Kyle Turris.
4:57 of 3rd period - Shot Blocked by Andrej Meszaros.
4:57 of 3rd period - Andrej Meszaros from Inferno is injured at 4:57 of 3rd period (Sprained Right Ankle).
4:58 of 3rd period - Mikhail Grabovski wins face-off versus Kyle Turris in Inferno zone.
5:05 of 3rd period - Slapshot by Derek Meech.
5:05 of 3rd period - Goal by Derek Meech - Sewer Rats : 4 - Inferno : 3.
5:06 of 3rd period - Mikhail Grabovski wins face-off versus Kyle Turris in neutral zone.
5:09 of 3rd period - Slapshot by Derek Meech.
5:09 of 3rd period - Shot Misses the Net.
5:22 of 3rd period - Snap shot by Dustin Byfuglien.
5:22 of 3rd period - Shot Blocked by Brendan Smith.
5:28 of 3rd period - Minor Penalty to Brendan Smith for Slashing.
5:29 of 3rd period - Brian Boyle wins face-off versus Kyle Turris in Inferno zone.
5:42 of 3rd period - Slapshot by Zach Bogosian.
5:42 of 3rd period - Stopped by Josh Harding without a rebound.
5:43 of 3rd period - Brian Boyle wins face-off versus Max Pacioretty in Inferno zone.
5:52 of 3rd period - Slapshot by Zach Bogosian.
5:52 of 3rd period - Shot Misses the Net.
5:54 of 3rd period - Slapshot by Dustin Byfuglien.
5:54 of 3rd period - Shot Blocked by Mark Mitera.
5:56 of 3rd period - Wrist shot by Kyle Turris.
5:56 of 3rd period - Stopped by Josh Harding with a rebound.
5:58 of 3rd period - Slapshot by John-Michael Liles.
5:58 of 3rd period - Shot Misses the Net.
6:12 of 3rd period - Wrist shot by Zach Bogosian.
6:12 of 3rd period - Stopped by Josh Harding with a rebound.
7:23 of 3rd period - Off-side.
7:24 of 3rd period - Vladimir Sobotka wins face-off versus Lars Eller in neutral zone.
7:28 of 3rd period - Penalty to Brendan Smith is over, Brendan Smith is back on ice.
7:52 of 3rd period - Snap shot by Brendan Smith.
7:52 of 3rd period - Deflect By Vladimir Sobotka.
7:52 of 3rd period - Shot Misses the Net.
7:52 of 3rd period - Puck is out of play.
7:53 of 3rd period - Kyle Turris wins face-off versus Brad Marchand in Sewer Rats zone.
8:18 of 3rd period - Brendan Smith is hit by Mike Mottau and loses puck.
8:29 of 3rd period - Slapshot by Mike Mottau.
8:29 of 3rd period - Shot Blocked by Mark Mitera.
9:04 of 3rd period - Wrist shot by Brian Boyle.
9:04 of 3rd period - Deflect By Brandon Sutter.
9:04 of 3rd period - Shot Misses the Net.
9:04 of 3rd period - Puck is out of play.
9:05 of 3rd period - Brandon Sutter wins face-off versus Mikhail Grabovski in Sewer Rats zone.
9:07 of 3rd period - Icing by Zach Bogosian.
9:08 of 3rd period - Mikhail Grabovski wins face-off versus Brandon Sutter in Sewer Rats zone.
9:31 of 3rd period - Jonathan Ferland is hit by Zach Bogosian and loses puck.
9:50 of 3rd period - Snap shot by Mark Mancari.
9:50 of 3rd period - Goal by Mark Mancari - Sewer Rats : 5 - Inferno : 3.
9:51 of 3rd period - Kyle Turris wins face-off versus Colin Wilson in neutral zone.
9:55 of 3rd period - Off-side.
9:56 of 3rd period - Colin Wilson wins face-off versus Kyle Turris in neutral zone.
10:04 of 3rd period - Icing by Kyle Turris.
10:05 of 3rd period - Mikhail Grabovski wins face-off versus Kyle Turris in Sewer Rats zone.
10:08 of 3rd period - Wrist shot by Brad Marchand.
10:08 of 3rd period - Shot Misses the Net.
10:23 of 3rd period - Double Minor Penalty to Zach Bogosian for Slashing.
10:24 of 3rd period - Mikhail Grabovski wins face-off versus Stéphane Yelle in Sewer Rats zone.
10:32 of 3rd period - Snap shot by Brad Marchand.
10:32 of 3rd period - Shot Misses the Net.
10:34 of 3rd period - Backhand shot by Jonathan Ferland.
10:34 of 3rd period - Stopped by Semyon Varlamov with a rebound.
10:36 of 3rd period - Snap shot by Jonathan Ferland.
10:36 of 3rd period - Stopped by Semyon Varlamov without a rebound.
10:37 of 3rd period - Mikhail Grabovski wins face-off versus Stéphane Yelle in Sewer Rats zone.
10:48 of 3rd period - Stéphane Yelle is hit by Jonathan Ferland and loses puck.
11:09 of 3rd period - Backhand shot by Dustin Byfuglien.
11:09 of 3rd period - Shot Misses the Net.
11:19 of 3rd period - Snap shot by Stephane Veilleux.
11:19 of 3rd period - Deflect By Mike Mottau.
11:19 of 3rd period - Goal by Stephane Veilleux - Sewer Rats : 5 - Inferno : 4.
11:20 of 3rd period - Stéphane Yelle wins face-off versus Mikhail Grabovski in neutral zone.
11:23 of 3rd period - Derek Meech is hit by Dustin Byfuglien and loses puck.
11:31 of 3rd period - Minor Penalty to Brendan Smith for High sticking.
11:32 of 3rd period - Stéphane Yelle wins face-off versus Mikhail Grabovski in Inferno zone.
11:43 of 3rd period - Snap shot by Mikhail Grabovski.
11:43 of 3rd period - Shot Misses the Net.
12:18 of 3rd period - Mike Funk is hit by Jonathan Ferland and loses puck.
13:19 of 3rd period - Penalty to Zach Bogosian is over, Zach Bogosian is back on ice.
13:31 of 3rd period - Penalty to Brendan Smith is over, Brendan Smith is back on ice.
13:33 of 3rd period - Wrist shot by Mark Mancari.
13:33 of 3rd period - Stopped by Josh Harding with a rebound.
13:35 of 3rd period - Wrist shot by Zach Bogosian.
13:35 of 3rd period - Shot Misses the Net.
13:37 of 3rd period - Snap shot by Mark Mancari.
13:37 of 3rd period - Deflect By Andrej Sekera.
13:37 of 3rd period - Shot Misses the Net.
13:37 of 3rd period - Puck is out of play.
13:38 of 3rd period - Brandon Sutter wins face-off versus Colin Wilson in Inferno zone.
13:39 of 3rd period - Snap shot by Niko Dimitrakos.
13:39 of 3rd period - Shot Misses the Net.
14:42 of 3rd period - Snap shot by Lars Eller.
14:42 of 3rd period - Shot Misses the Net.
15:05 of 3rd period - Snap shot by Jozef Balej.
15:05 of 3rd period - Shot Blocked by Niko Dimitrakos.
15:07 of 3rd period - Slapshot by Mark Mitera.
15:07 of 3rd period - Deflect By Brandon Sutter.
15:07 of 3rd period - Stopped by Semyon Varlamov with a rebound.
15:09 of 3rd period - Wrist shot by Colin Wilson.
15:09 of 3rd period - Shot Blocked by Kyle Quincey.
15:19 of 3rd period - Kyle Turris is hit by Brendan Smith and loses puck.
15:26 of 3rd period - Snap shot by Brian Boyle.
15:26 of 3rd period - Shot Misses the Net.
15:28 of 3rd period - Slapshot by Pierre-Luc Létourneau.
15:28 of 3rd period - Shot Misses the Net.
15:40 of 3rd period - Brad Marchand is hit by Kyle Quincey and loses puck.
15:47 of 3rd period - Snap shot by Kyle Quincey.
15:47 of 3rd period - Stopped by Josh Harding with a rebound.
16:05 of 3rd period - Slapshot by Stéphane Yelle.
16:05 of 3rd period - Goal by Stéphane Yelle - Sewer Rats : 6 - Inferno : 4.
16:06 of 3rd period - Kyle Turris wins face-off versus Alex Berry in neutral zone.
16:31 of 3rd period - Snap shot by Stéphane Yelle.
16:31 of 3rd period - Shot Blocked by Andrej Sekera.
16:45 of 3rd period - Snap shot by Brian Boyle.
16:45 of 3rd period - Shot Misses the Net.
16:47 of 3rd period - Snap shot by Andrej Sekera.
16:47 of 3rd period - Shot Misses the Net.
16:49 of 3rd period - Snap shot by Pierre-Luc Létourneau.
16:49 of 3rd period - Stopped by Semyon Varlamov without a rebound.
16:50 of 3rd period - Brandon Sutter wins face-off versus Jonathan Ferland in Sewer Rats zone.
16:50 of 3rd period - Brandon Sutter is hit by Derek Meech.
16:53 of 3rd period - Minor Penalty to Patrick Bordeleau for Holding.
16:54 of 3rd period - Mikhail Grabovski wins face-off versus Stéphane Yelle in Sewer Rats zone.
16:58 of 3rd period - Wrist shot by Jonathan Ferland.
16:58 of 3rd period - Shot Blocked by John Erskine.
17:00 of 3rd period - Wrist shot by Brad Marchand.
17:00 of 3rd period - Shot Misses the Net.
17:02 of 3rd period - Backhand shot by Derek Meech.
17:02 of 3rd period - Deflect By Mikhail Grabovski.
17:02 of 3rd period - Goal by Mikhail Grabovski - Sewer Rats : 6 - Inferno : 5.
17:03 of 3rd period - Brandon Sutter wins face-off versus Brian Boyle in neutral zone.
17:13 of 3rd period - Wrist shot by Brian Boyle.
17:13 of 3rd period - Stopped by Semyon Varlamov with a rebound.
17:15 of 3rd period - Snap shot by Derek Meech.
17:15 of 3rd period - Deflect By Brian Boyle.
17:15 of 3rd period - Stopped by Semyon Varlamov without a rebound.
17:16 of 3rd period - Brian Boyle wins face-off versus Brandon Sutter in Sewer Rats zone.
17:17 of 3rd period - Wrist shot by Alex Berry.
17:17 of 3rd period - Stopped by Semyon Varlamov without a rebound.
17:18 of 3rd period - Patrick Bordeleau wins face-off versus Brian Boyle in Sewer Rats zone.
17:18 of 3rd period - Patrick Bordeleau is hit by Alex Berry.
17:34 of 3rd period - Derek Meech is hit by Niko Dimitrakos and loses puck.
17:49 of 3rd period - Slapshot by Derek Meech.
17:49 of 3rd period - Stopped by Semyon Varlamov with a rebound.
17:51 of 3rd period - Slapshot by Derek Meech.
17:51 of 3rd period - Stopped by Semyon Varlamov without a rebound.
17:52 of 3rd period - Stéphane Yelle wins face-off versus Mikhail Grabovski in Sewer Rats zone.
18:17 of 3rd period - Yannick Weber is hit by Mike Mottau.
18:23 of 3rd period - Slapshot by Derek Meech.
18:23 of 3rd period - Shot Blocked by Patrick Bordeleau.
18:41 of 3rd period - Slapshot by Mike Mottau.
18:41 of 3rd period - Shot Misses the Net.
18:43 of 3rd period - Wrist shot by Kyle Turris.
18:43 of 3rd period - Stopped by Josh Harding with a rebound.
18:45 of 3rd period - Slapshot by Mike Mottau.
18:45 of 3rd period - Stopped by Josh Harding without a rebound.
18:46 of 3rd period - Dan Bylsma call a timeout for Inferno.
18:46 of 3rd period - Mikhail Grabovski wins face-off versus Stéphane Yelle in Inferno zone.
19:09 of 3rd period - Inferno, Josh Harding is pulled from the net.
19:45 of 3rd period - Slapshot by Mikhail Grabovski.
19:45 of 3rd period - Deflect By Matt Lashoff.
19:45 of 3rd period - Shot Misses the Net.
19:45 of 3rd period - Puck is out of play.
19:46 of 3rd period - Mikhail Grabovski wins face-off versus Stéphane Yelle in Sewer Rats zone.
19:51 of 3rd period - Wrist shot by Brad Marchand.
19:51 of 3rd period - Shot Misses the Net.
19:53 of 3rd period - Snap shot by Brad Marchand.
19:53 of 3rd period - Shot Misses the Net.
19:57 of 3rd period - Wrist shot by Mikhail Grabovski.
19:57 of 3rd period - Stopped by Semyon Varlamov with a rebound.
Goals for this period are 2 for Sewer Rats vs 4 for Inferno.
Shots for this period are 12 for Sewer Rats vs 19 for Inferno.
Output by the SimonT Hockey Simulator (STHS) for François Prévost -- Original Page W3C XHTML 1.0 Valid